cohdb
Replays
Latest Replays
All Replays
Popular Replays
Top Player Replays
Match Explorer
How It Works
Community
CoH3 Stats
Reddit
Sign in to upload your games and track your stats! →
Sign in with Steam
Match 38145652
Unlisted
Match 38145652
Overview
Messages
Build Orders
End
250 Light Carrier
Selects Battlefield Espionage Battlegroup
Panzergrenadier Squad
Panzergrenadier Squad
Selects 250/3 Funkpanzerwagen
250/3 Funkpanzerwagen
Construct Light Support Kompanie
Fire Support Elements
Assault Grenadier Squad
2.5-tonne Medical Truck
le.IG 18 Mechanized Group
Panzerjäger Squad
Selects Intel Disruption Beacon
Construct Panzerarmee Kommand
Veteran Squad Leaders
Selects Advanced Ambush Training
Panzer III L Medium Tank
Selects Transfer Depots
Walking Stuka Rocket Launcher
Emergency Repair Kits
Forward Retreat Point
Armored Reserves
Selects Operation Skorpion
don pelon
TeaserUK
GhettoschinkenDeluxe2
Chipi ☆
[GG]Onkel Stonkel
[GG]Quiq
0
0
Comments
sign in to comment!
No comments posted yet!